Unix xNetHack Version 8.0.0 - last build Jan 14 2024 16:46:22 (be4d3c81716514284228e1a23197c27ddb32b841). Game began 2024-03-17 13:53:31, ended 2024-03-19 15:53:47. Catomat, neutral female human Wizard G | G |.- # #)## #@##### # # ----------- # |.......<.| ##..........| |.........| ..........| ----------- Catomat the Thaumaturge St:7 Dx:17 Co:13 In:18 Wi:11 Ch:11 Neutral S:2604 Dlvl:7 $:0 HP:0(43) Pw:4(58) AC:4 Xp:6/511 T:3559 Latest messages: You hear a door open. You finish eating the gnome lord corpse. The giant spider bites! In what direction? The spell hits the giant spider! The giant spider bites! In what direction? The spell misses the giant spider. The giant spider bites! In what direction? The spell hits the giant spider! The giant spider misses! The giant spider bites! In what direction? You feel better. The giant spider bites! You impale the giant spider. The giant spider bites! You gore the giant spider. The giant spider bites! In what direction? The spell misses the giant spider. The giant spider bites! You hear crashing rock. In what direction? The spell misses the giant spider. You feel more confident in your spell casting skills. The giant spider bites! # You are now more skilled in attack spells. The giant spider bites! In what direction? The spell hits the giant spider! You kill the giant spider! The spell misses it. In what direction? The spell hits the monkey! The monkey punches you! The monkey stole an uncursed +0 cloak of magic resistance. The monkey tries to run away with your cloak of magic resistance. You see here a giant spider corpse. You have a little trouble lifting a giant spider corpse. Continue? [ynq] (q) There is a giant spider corpse here; eat it? [ynq] (n) Ecch - that must have been poisonous! You die... Do you want your possessions identified? [ynq] (y) Do you want to see your attributes? [ynq] (y) Do you want an account of creatures vanquished? [ynaq] (y) Do you want to see your conduct and achievements? [ynq] (y) Do you want to see the dungeon overview? [ynq] (y) Inventory: Inventory: 538/550 weight (17/52 slots) Weapons F - 11 +0 darts (at the ready) {11} x - a +0 dagger {10} G - a +0 elven dagger (weapon in hand) {10} a - a blessed +1 quarterstaff (alternate weapon; not wielded) {40} Armor H - an uncursed +1 orcish helm (being worn) {23} t - an uncursed +0 mithril elven ring mail (being worn) {88} Comestibles K - 2 uncursed tripe rations {20} E - an uncursed lichen corpse {20} Scrolls D - an uncursed scroll of enchant armor {5} y - an uncursed scroll of enchant weapon {5} Potions u - an uncursed potion of monster detection {20} Rings r - an uncursed ring of invisibility {3} Wands v - a wand of striking (0:4) {7} Tools b - an uncursed bag of holding containing 19 items {168} p - a +0 pick-axe {100} s - an uncursed stethoscope {4} z - an uncursed tin opener {4} Contents of the bag of holding: 260 gold pieces a +3 orcish dagger an uncursed carrot an uncursed cram ration 6 uncursed food rations an uncursed fortune cookie an uncursed scroll of create monster 2 uncursed scrolls of light an uncursed scroll of remove curse a cursed scroll of stinking cloud an uncursed scroll of teleportation a blessed potion of blindness an uncursed potion of blindness an uncursed potion of object detection an uncursed potion of see invisible an uncursed potion of speed an uncursed potion of water a cursed towel named cursed 2 uncursed worthless pieces of yellowish brown glass Catomat the Wizard's attributes: Background: You were a Thaumaturge, a level 6 female human Wizard. You were neutral, nominally on a mission for Thoth who was opposed by Ptah (lawful) and Anhur (chaotic). You were heterosexual. You were in the Gnomish Mines, on level 7. You entered the dungeon 3559 turns ago. You had 511 experience points, 129 more were needed to attain level 7. Your score was 2604 before end-of-game adjustments. Basics: You had 0 out of 43 hit points. You had 4 out of 58 energy points (spell power). Your armor class was 4. Your wallet was empty, but you had 260 zorkmids stashed away in your pack. Autopickup was on for '$"?!=/' plus thrown. Final Characteristics: Your strength was 7 (peak:8, limit:18/100). Your dexterity was 17 (limit:18). Your constitution was 13 (limit:18). Your intelligence was 18 (limit:18). Your wisdom was 11 (limit:18). Your charisma was 11 (limit:18). Final Status: You were not hungry. You were unencumbered. You were wielding a dagger. You had basic skill with dagger. Final Attributes: You were piously aligned. You were telepathic. You were guarded. You are dead. Miscellaneous: You never encountered a bones level. Total elapsed playing time was 2 hours, 10 minutes and 56 seconds. Major events: Turn 1: Catomat the neutral female human Wizard entered the dungeon 610: attained the rank of Conjurer (level 3) 2527: entered the Gnomish Mines 2900: attained the rank of Thaumaturge (level 6) 3559: killed by a poisonous corpse Vanquished creatures: a leprechaun a giant spider a dingo a pony 3 gnome leaders a floating eye a kitten 4 dwarves 2 homunculi 2 rothes a wererat a werejackal 2 iguanas an acid blob a coyote a gas spore 2 hobbits a cave spider a brown mold a yellow mold a green mold a red mold 16 gnomes a gnome zombie 3 geckos a fox 2 goblins 7 grid bugs 5 bats 10 lichens a kobold zombie 4 newts 81 creatures vanquished. No species were genocided or became extinct. Voluntary challenges: You were an atheist. You read items or engraved 3 times. You never genocided any monsters. You never polymorphed an object. You never changed form. You never touched an artifact. You used no wishes. You never scared an enemy with impunity. You were celibate. You never generated conflict. Achievements: You entered a shop. You attained the rank of Conjurer. You entered the Gnomish Mines. You attained the rank of Thaumaturge. Dungeon overview: The Dungeons of Doom: levels 1 to 5 Level 1: A fountain. Level 2: "expl" A general store. Level 3: A delicatessen. Level 4: "BoT in box" Some fountains. Stairs down to The Gnomish Mines. Level 5: The Gnomish Mines: levels 5 to 7 Level 5: "books dropped by downstairs" Level 6: Level 7: <- You were here. Final resting place for you, killed by a poisonous corpse. Game over: __________ / \ / REST \ / IN \ / PEACE \ / \ | Catomat | | 260 Au | | killed by a | | poisonous corpse | | | | | | 2024 | *| * * * | * _________)/\\_//(\/(/\)/\//\/|_)_______ Goodbye Catomat the Wizard... You died in The Gnomish Mines on dungeon level 7 with 2578 points, and 260 pieces of gold, after 3559 moves. You were level 6 with a maximum of 43 hit points when you died.